 Dungeon Crawl Stone Soup version 0.27.0-1-g7a089689b8 (webtiles) character file.

Game seed: 18384233328091909019

20684 freelancePsychic the Fighter (level 12, -1/136 HPs)
             Began as a Troll Fire Elementalist on Aug 9, 2021.
             Was an Elder of Wu Jian.
             Killed from afar by a hell knight (35 damage)
             ... with a bolt of fire
             ... in a volcano.
             The game lasted 00:24:00 (11535 turns).

freelancePsychic the Fighter (TrFE)                Turns: 11535, Time: 00:24:00

Health: -1/136     AC:  9    Str: 22    XL:     12   Next: 47%
Magic:  0/12       EV:  9    Int: 11    God:    Wu Jian [****..]
Gold:   922        SH:  0    Dex: 11    Spells: 12/13 levels left

rFire    . . .     SeeInvis .     - Unarmed
rCold    . . .     Faith    .   (no shield)
rNeg     . . .     Spirit   +   J - +1 acid dragon scales
rPois    .         Reflect  .   e - +0 hat
rElec    .         Harm     .   h - scarf {+Inv}
rCorr    +         Rampage  .   (gloves unavailable)
Will     .....                  (boots unavailable)
Stlth    +.........             G - amulet of guardian spirit
HPRegen  1.32/turn              j - +4 ring of slaying
MPRegen  0.13/turn              (no ring)

@: exhausted
A: large, unfitting armour, claws 3, regeneration 1, shaggy fur 1, tough skin 1
a: Renounce Religion, Evoke Invisibility, Wall Jump, Serpent's Lash


You were in a volcano.
You worshipped Wu Jian.
Wu Jian was greatly pleased with you.
You visited 2 branches of the dungeon, and saw 14 of its levels.
You also visited: Volcano.

You collected 922 gold pieces.

Inventory:

Hand Weapons
 a - the +8 hunting sling of Big Damage {venom, Dex+2}
   (You found it on level 7 of the Dungeon)

   Any ammunition fired from it poisons the flesh of those it strikes.
   Dex:       It affects your dexterity (+2).
Missiles
 b - 12 silver boomerangs
 v - 4 throwing nets
 C - 22 sling bullets
 D - 269 stones
 H - 5 large rocks
Armour
 e - a +0 hat (worn)
 h - a scarf of invisibility (worn)
 s - a +0 robe
 J - +1 acid dragon scales (worn)
Jewellery
 i - a ring of positive energy
 j - a +4 ring of slaying (left claw)
 l - a ring of fire
 F - a ring of positive energy
 G - an amulet of guardian spirit (around neck)
 I - a ring of resist corrosion
Wands
 n - a wand of flame (11)
 B - a wand of iceblast (11)
 E - a wand of charming (4)
Scrolls
 c - 2 scrolls of vulnerability
 g - 2 scrolls of teleportation {@r4}
 t - 2 scrolls of holy word
 x - 3 scrolls of amnesia
 y - a scroll of enchant weapon
 A - a scroll of enchant armour
Potions
 d - a potion of ambrosia
 k - 7 potions of curing {unknown}
 m - a potion of berserk rage {unknown}
 o - 5 potions of might {unknown}
 p - a potion of lignification {unknown}
 q - a potion of cancellation {unknown}
 r - 4 potions of heal wounds {unknown}
 u - 3 potions of brilliance {unknown}
 w - 2 potions of mutation {unknown}
 z - a potion of haste {unknown}


   Skills:
 - Level 13.3 Fighting
 + Level 3.1 Armour
 - Level 1.5 Dodging
 - Level 1.0 Stealth
 - Level 11.7 Unarmed Combat
 - Level 1.2 Spellcasting
 - Level 0.6 Conjurations
 - Level 2.1 Fire Magic
 + Level 2.8 Evocations


You had 12 spell levels left.
You knew the following spells:

 Your Spells              Type           Power      Damage    Failure   Level
a - Foxfire               Conj/Fire      12%        2x1d4     22%         1

Your spell library contained the following spells:

 Spells                   Type           Power      Damage    Failure   Level
 Pain                     Necr           0%         1d4       38%         1
 Static Discharge         Conj/Air       1%         N/A       47%         2
 Conjure Flame            Conj/Fire      3%         6-21      56%         3
 Inner Flame              Hex/Fire       3%         N/A       61%         3
 Sticky Flame             Conj/Fire      3%         2d3       92%         4
 Dispel Undead            Necr           0%         3d6       99%         4
 Fireball                 Conj/Fire      1%         3d3       99%         5
 Agony                    Necr           0%         N/A       100%        5
 Excruciating Wounds      Necr           0%         N/A       100%        5


Dungeon Overview and Level Annotations

Branches:
Dungeon (12/15)            Temple (0/1) D:6            Lair (0/6) D:8
    Orc (2/2) D:9             Elf (0/3) Orc:2       Volcano (1/1)

Altars:
Ashenzari
Dithmenos
Elyvilon
Fedhas
Hepliaklqana
Ru
Trog
Wu Jian
Xom
Beogh

Shops:
D:6 !=(:=

Portals:
Trove: D:11 (give 2 scrolls of acquirement)

Annotations:
D:3 Sigmund
D:4 exclusion: water moccasin
D:7 exclusion: hornet
D:11 exclusion: downstairs
D:12 Azrael


Innate Abilities, Weirdness & Mutations

You are too large for most types of armour.
You have claws for hands.
Your natural rate of healing is unusually fast.
You are covered in fur. (AC +1)
You have tough skin. (AC +1)


Message History

Your supernatural speed expires.
You see here a pink potion.
You claw the hell knight!
The hell knight is moderately wounded.
The hell knight barely misses you.
You claw the hell knight!
The hell knight is heavily wounded.
The hell knight hits you with a +2 halberd of flaming!!
The hell knight burns you!
You scratch the hell knight but do no damage.
You claw the hell knight!
The hell knight is severely wounded.
The hell knight casts a spell.
The hell knight seems to speed up.
You scratch the hell knight.
The hell knight is severely wounded.
The hell knight hits you with a +2 halberd of flaming!!
The hell knight burns you.
You scratch the hell knight. You claw the hell knight!
The hell knight is almost dead.
The hell knight hits you with a +2 halberd of flaming.
* * * LOW HITPOINT WARNING * * *
The hell knight burns you.
* * * LOW HITPOINT WARNING * * *
You closely miss the hell knight.
The hell knight is almost dead.
The air gets thick with the scent of sulphur.
The hell knight barely misses you.
You scratch the hell knight.
The hell knight is almost dead.
The hell knight mumbles some strange words.
The hell knight blinks!
Okay, then.
The hell knight hits you with a +2 halberd of flaming.
* * * LOW HITPOINT WARNING * * *
The hell knight burns you.
* * * LOW HITPOINT WARNING * * *
The hell knight points at you and mumbles some strange words.
The bolt of fire hits you!!!
You die...

##.....≈≈≈§≈§.§.##
§.......#
#...#...# #.#
###.# # ##.##
#..### ###.≈≈##
##p[∩}≈≈#
#)@$$§≈≈#
##§!.≈§## #.≈§°≈#
##≈≈≈°# ##§°##
####


You could see a hell knight (fast).

Vanquished Creatures
  Gastronok (D:11)
  Harold (D:11)
  6 two-headed ogres
  Erica (D:11)
  Urug (D:11)
  A cyclops (Orc:1)
  An unseen horror (D:11)
  A gargoyle (D:10)
  4 trolls
  2 hornets (D:9)
  3 shadows
  4 wraiths
  7 yaks
  2 vampires
  Eustachio (D:5)
  A steam dragon (D:8)
  2 fire elementals (D:12)
  4 vampire mosquitoes (D:11)
  5 acid dragons
  Menkaure (D:5)
  A warg (Orc:1)
  A water moccasin (D:7)
  2 hell hounds (D:12)
  10 orc warriors
  3 ice beasts
  A sky beast (D:7)
  2 necrophages (D:5)
  4 ogres
  2 centaurs
  3 kobold brigands
  6 bullfrogs
  A gnoll sergeant (D:10)
  7 scorpions
  7 killer bees (D:10)
  8 wights
  7 howler monkeys
  2 jellies (D:5)
  6 centaur zombies
  7 hounds
  10 orc priests
  A bullfrog zombie (D:5)
  A gnoll shaman (D:4)
  A centaur skeleton (D:4)
  Jessica (D:2)
  2 iguanas
  Natasha (twice) (D:2)
  13 orc wizards
  2 hound skeletons (D:3)
  A hound zombie (D:3)
  5 adders
  24 gnolls
  2 white imps
  2 adder zombies (D:3)
  An adder skeleton (D:3)
  A worm (D:2)
  4 dart slugs
  61 orcs
  7 bats
  7 endoplasms
  5 giant cockroaches
  6 goblins
  4 hobgoblins
  14 jackals
  6 quokkas
  6 ball pythons
  A ball python skeleton (D:3)
  7 frilled lizards
  A jackal zombie (D:3)
  16 kobolds
  22 rats
365 creatures vanquished.

Vanquished Creatures (others)
  A kobold (D:3)
  2 foxfires (D:11)
  3 fungi
  2 plants (D:8)
8 creatures vanquished.

Grand Total: 373 creatures vanquished

Notes
Turn   | Place    | Note
-------+----------+-------------------------------------------
     0 | D:1      | freelancePsychic the Troll Fire Elementalist began the
                  | quest for the Orb.
     0 | D:1      | Reached XP level 1. HP: 16/16 MP: 1/1
    81 | D:1      | Reached skill level 1 in Unarmed Combat
   103 | D:1      | Reached XP level 2. HP: 26/26 MP: 2/2
   121 | D:1      | Reached skill level 1 in Fighting
   180 | D:1      | Found a faded altar of an unknown god.
   748 | D:2      | Reached XP level 3. HP: 33/33 MP: 3/3
  1148 | D:2      | Noticed Jessica
  1567 | D:2      | Killed Jessica
  1568 | D:2      | Reached skill level 2 in Fighting
  1568 | D:2      | Reached XP level 4. HP: 34/42 MP: 4/4
  1651 | D:2      | Noticed Natasha
  1658 | D:2      | Killed Natasha
  1683 | D:2      | Noticed Natasha
  1696 | D:2      | Killed Natasha
  1717 | D:3      | Noticed Sigmund
  1789 | D:3      | Reached XP level 5. HP: 48/50 MP: 5/5
  1989 | D:3      | Reached skill level 3 in Fighting
  2003 | D:3      | You fall into a shaft and drop 2 floors!
  2003 | D:5      | Entered Level 5 of the Dungeon
  2018 | D:4      | Reached XP level 6. HP: 57/61 MP: 6/6
  2831 | D:4      | Reached skill level 4 in Fighting
  2854 | D:4      | Noticed a water moccasin
  2913 | D:4      | You fall into a shaft and drop 1 floor!
  2913 | D:5      | Found a white marble altar of Elyvilon.
  2913 | D:5      | Found an ornate altar of the Wu Jian Council.
  2914 | D:5      | Found a shimmering altar of Xom.
  2915 | D:5      | Found a broken altar of Ashenzari.
  2917 | D:5      | Found a bloodstained altar of Trog.
  2919 | D:5      | Became a worshipper of the Wu Jian Council
  3108 | D:5      | Reached XP level 7. HP: 24/71 MP: 7/7
  3362 | D:5      | Found a blossoming altar of Fedhas.
  3545 | D:4      | Reached skill level 5 in Unarmed Combat
  3580 | D:4      | Reached skill level 5 in Fighting
  3673 | D:4      | Reached * piety under Wu Jian
  3953 | D:4      | Reached ** piety under Wu Jian
  3983 | D:4      | Reached XP level 8. HP: 83/83 MP: 8/8
  4074 | D:4      | Reached skill level 6 in Fighting
  4418 | D:5      | Noticed Eustachio
  4460 | D:5      | Killed Eustachio
  4523 | D:5      | Noticed Menkaure
  4531 | D:5      | Killed Menkaure
  4532 | D:5      | Reached skill level 7 in Fighting
  5064 | D:6      | Found Foitiw's Weapon Boutique.
  5077 | D:6      | Found Por Ririd's Book Shoppe.
  5124 | D:6      | Reached XP level 9. HP: 70/94 MP: 9/9
  5167 | D:6      | Reached *** piety under Wu Jian
  5193 | D:6      | Found Quskoan's Jewellery Emporium.
  5220 | D:6      | Found a staircase to the Ecumenical Temple.
  5325 | D:6      | Reached skill level 8 in Fighting
  5347 | D:6      | Found Koem's Jewellery Boutique.
  5373 | D:6      | Found Givaosm's Distillery.
  6077 | D:7      | Identified the +8 hunting sling of Big Damage {venom,
                  | Dex+2}
  6794 | D:8      | Found a staircase to the Lair.
  6801 | D:8      | Reached skill level 9 in Fighting
  7114 | D:8      | Noticed a two-headed ogre
  7122 | D:8      | Killed a two-headed ogre
  7123 | D:8      | Reached XP level 10. HP: 110/110 MP: 10/10
  7308 | D:8      | Found a hazy altar of Hepliaklqana.
  7312 | D:8      | Found a shadowy altar of Dithmenos.
  7528 | D:9      | Noticed a two-headed ogre
  7543 | D:9      | Killed a two-headed ogre
  7544 | D:9      | Reached skill level 10 in Fighting
  7601 | D:9      | Found a staircase to the Orcish Mines.
  7631 | D:9      | Found a sacrificial altar of Ru.
  7860 | D:9      | Reached **** piety under Wu Jian
  7984 | D:9      | Reached skill level 11 in Fighting
  8193 | D:9      | Noticed a two-headed ogre
  8204 | D:9      | Reached skill level 10 in Unarmed Combat
  8244 | D:9      | Killed a two-headed ogre
  8245 | D:9      | Reached XP level 11. HP: 89/120 MP: 7/11
  8701 | D:10     | Entered Level 10 of the Dungeon
  9131 | D:10     | Noticed a two-headed ogre
  9143 | D:10     | Killed a two-headed ogre
  9151 | D:10     | Reached skill level 12 in Fighting
  9705 | D:11     | Found a portal to a secret trove of treasure.
  9874 | D:11     | Noticed Urug
  9878 | D:11     | Killed Urug
 10078 | D:11     | Noticed Gastronok
 10217 | D:11     | Killed Gastronok
 10218 | D:11     | Reached skill level 13 in Fighting
 10218 | D:11     | Reached XP level 12. HP: 123/136 MP: 10/12
 10240 | D:11     | Noticed Erica
 10243 | D:11     | Killed Erica
 10253 | D:11     | Noticed a two-headed ogre
 10257 | D:11     | Killed a two-headed ogre
 10260 | D:11     | Noticed Harold
 10278 | D:11     | Killed Harold
 10693 | D:12     | Noticed Azrael
 10704 | D:12     | Reached skill level 1 in Armour
 10707 | D:12     | Reached skill level 1 in Evocations
 10843 | Orc:1    | Entered Level 1 of the Orcish Mines
 11351 | Orc:2    | Entered Level 2 of the Orcish Mines
 11438 | Orc:2    | Noticed a two-headed ogre
 11440 | Orc:2    | Found a dark tunnel.
 11447 | Orc:2    | Killed a two-headed ogre
 11455 | Volcano  | Entered a volcano
 11535 | Volcano  | Killed from afar by a hell knight

Illustrated notes

Levels and vault maps discovered:
D:1:      psy_arrival_spokes, layout_loops_ring,
          hellmonk_ecumenical_altar_crossroads
D:2:      layout_loops_corners, uniq_jessica, uniq_natasha
D:3:      layout_loops_ring, serial_undead, serial_undead_d, serial_undead_d,
          serial_undead_f, serial_undead_f, serial_undead_a, serial_undead_d,
          minivault_19, lemuel_flame_loot_1, uniq_sigmund
D:4:      lemuel_castle_with_subvaults [lemuel_castle_interior_carwin_2],
          layout_gridville, minmay_rat_hole
D:5:      old_forge, layout_loops_corners, chequers_temple_overflow_minitemple,
          mainiacjoe_overflow_alcove_2, st_stairs_13, minivault_5,
          uniq_menkaure, uniq_eustachio
D:6:      layout_loops_cross, temple_hall, serial_shops,
          nicolae_shop_statue_plus, kennysheep_mini_moat, shop,
          nicolae_diamond_shop, shop_fountains
D:7:      layout_gridville
D:8:      layout_basic, riverfiend_overflow_shadow_ancestor,
          grunt_lair_entry_orc_guard_hut
D:9:      layout_grid_maze, nicolae_ru_awakened_eye, david_orc_5,
          nzn_life_drinkers
D:10:     kennysheep_ambush_hall, layout_basic, minmay_hedge_maze,
          minmay_misc_feat_encased
D:11:     layout_irregular_city, nicolae_trove_entry_columns, uniq_gastronok,
          uniq_urug, uniq_harold, uniq_erica
D:12:     layout_loops_ring, uniq_jorgrun, uniq_azrael
Orc:1:    layout_caves, nicolae_orc_pool_cavern
Orc:2:    kennysheep_orc_mage_school, layout_diamond_mine,
          nicolae_volcano_entry_hallway, gammafunk_ghost_abyssal_escape
Volcano:  volcano_pools

Skill      XL: |  1  2  3  4  5  6  7  8  9 10 11 12 |
---------------+-------------------------------------+-----
Unarmed Combat | 1 2 3 4 5 7 8 10 11 | 11.7
Fighting       | 1 2 3 4 5 7 9 11 13 | 13.3
Armour         | 3 |  3.1
Evocations     | 2 |  2.8
Dodging        | |  1.5
Stealth        | |  1.0
Spellcasting   | |  1.2
Conjurations   | |  0.6
Fire Magic     | |  2.1

Action                   |  1- 3 |  4- 6 |  7- 9 | 10-12 || total
-------------------------+-------+-------+-------+-------++-------
Melee: Unarmed           |   119 |   125 |   338 |   381 ||   963
       Punch             |     1 |     1 |     4 |    16 ||    22
 Fire: Hunting sling     |       |       |    17 |    41 ||    58
 Cast: Foxfire           |       |       |       |     1 ||     1
Invok: Lunge             |       |     1 |    37 |    32 ||    70
       Whirlwind         |       |       |    21 |    30 ||    51
       Serpent's Lash    |       |       |     4 |    14 ||    18
  Use: Scroll            |       |     5 |     3 |     7 ||    15
       Potion            |       |       |       |     1 ||     1
 Stab: Sleeping          |     5 |     1 |     3 |     2 ||    11
       Distracted        |       |     1 |       |       ||     1
       Invisible         |       |       |       |     1 ||     1
Armor: Robe              |    31 |    32 |    70 |    16 ||   149
       Acid dragon scale |       |       |       |    95 ||    95
Dodge: Dodged            |    45 |    44 |   106 |   138 ||   333
